 Dungeon Crawl Stone Soup version 0.22.1-2-g9c5b331383 (webtiles) character file.

122 Gargoyl the Skirmisher (level 4, -2/40 HPs)
             Began as a Centaur Abyssal Knight on Jan 2, 2019.
             Was a Believer of Lugonu.
             Slain by a bullfrog (3 damage)
             ... in a sewer.
             The game lasted 00:05:03 (2535 turns).

Gargoyl the Skirmisher (Centaur Abyssal Knight)     Turns: 2535, Time: 00:05:05

Health: -2/40      AC:  5    Str: 12 (14) XL:     4   Next: 78%
Magic:  6/6        EV:  9    Int:  9 (11) God:    Lugonu [**....]
Gold:   66         SH:  0    Dex:  7 (10) Spells: 3/3 levels left

rFire    . . .     SeeInvis .   a - +2 hand axe
rCold    . . .     Gourm    .   (no shield)
rNeg     . . .     Faith    .   b - +0 leather armour
rPois    .         Spirit   .   (no helmet)
rElec    .         Reflect  .   (no cloak)
rCorr    .         Harm     .   d - +0 pair of gloves
MR       .....                  (no barding)
Stlth    ..........             (no amulet)
HPRegen  0.13/turn              (no ring)
MPRegen  0.10/turn              (no ring)

@: very quick
A: large, hooves 3, deformed body, speed 2, tough skin 3
a: Depart the Abyss, Bend Space, Renounce Religion


You were in a sewer.
You worshipped Lugonu.
Lugonu was pleased with you.
You were hungry.

You visited 1 branch of the dungeon, and saw 3 of its levels.
You visited the Abyss 1 time.
You also visited: Sewer.

You collected 66 gold pieces.

Inventory:

Hand Weapons
 a - a +2 hand axe (weapon)
Armour
 b - a +0 leather armour (worn)
 d - a +0 pair of gloves (worn)
Scrolls
 e - a scroll of teleportation
 g - a scroll of identify
Potions
 i - a potion of resistance {unknown}
 l - a potion of curing {unknown}
Comestibles
 c - 5 rations


   Skills:
 + Level 3.8 Fighting
 + Level 2.6 Axes
 * Level 2.2 Armour
 + Level 0.9 Dodging
 * Level 2.9 Invocations


You had 3 spell levels left.
You didn't know any spells.
Your spell library was empty.

Dungeon Overview and Level Annotations

Branches:
Dungeon (3/15)

Altars:
Vehumet


Innate Abilities, Weirdness & Mutations

You have hooves in place of feet.
Armour fits poorly on your strangely shaped body.
You cover ground very quickly.
You have extremely tough skin. (AC +3)


Message History

You hit the bullfrog. The bullfrog closely misses you.
The bullfrog hits you but does no damage.
The bullfrog closely misses you. The bullfrog hits you.
Unknown command.
You hit the bullfrog.
The bullfrog is severely wounded.
You hit the bullfrog. The bullfrog hits you.
* * * LOW HITPOINT WARNING * * *
The bullfrog hits you.
* * * LOW HITPOINT WARNING * * *
The bullfrog hits you.
* * * LOW HITPOINT WARNING * * *
The bullfrog closely misses you.
It was a potion of degeneration.
There was something very wrong with that liquid.
You feel weakened.
You feel dopey.
You feel clumsy. The bullfrog hits you.
* * * LOW HITPOINT WARNING * * *
The bullfrog hits you.
You die...

#.≈≈≈≈≈≈≈≈≈≈≈≈≈≈≈≈≈≈≈≈.#
#.≈≈≈≈..≈≈≈≈≈≈≈≈≈≈.≈≈≈≈#
#.≈≈≈.≈≈≈≈≈≈≈≈########.#
#.≈≈≈.≈≈≈≈≈≈≈≈≈## #.#
#.≈≈≈≈≈≈≈≈≈≈≈≈≈≈# #≈#
#.≈≈≈≈≈≈≈≈≈≈≈≈≈≈# #.#
#.≈≈≈≈≈≈≈≈≈≈≈≈≈≈≈# #≈#
#.≈≈≈≈≈≈≈FF≈≈.∩≈≈# #.#
#.≈≈≈≈≈≈.@..≈.≈≈≈# #≈#
#.≈≈≈≈≈≈≈≈≈≈.≈≈≈≈≈# #.#
### #.≈≈≈≈≈≈.≈≈≈.≈≈≈≈≈#
#.# #.#
#.≈≈≈≈≈≈≈.≈$.≈≈≈≈≈# #.#
#∩# #.≈≈≈≈≈≈≈≈[?%.≈≈≈≈
#.# #.#
#.≈≈≈≈≈≈≈≈.=.≈≈≈≈ #.#
#∩# #.≈≈≈.≈≈≈≈≈.≈≈≈≈≈
#.# #.#
#.≈≈≈.≈≈≈≈≈≈≈≈≈≈≈ #.#
#.# #.≈≈≈.≈≈≈≈≈≈≈≈ #.#


You could see 2 bullfrogs.

Vanquished Creatures
  5 adders
  A worm (D:2)
  2 dart slugs
  3 ball pythons
  5 bats
  11 giant cockroaches
  3 goblins (D:1)
  8 hobgoblins
  2 jackals (D:2)
  6 kobolds
  A quokka (D:2)
  10 frilled lizards
  11 rats
68 creatures vanquished.

Notes
Turn   | Place    | Note
-------+----------+-------------------------------------------
     0 | Abyss:1  | Gargoyl the Centaur Abyssal Knight began the quest for the
                  | Orb.
     0 | Abyss:1  | Reached XP level 1. HP: 19/19 MP: 2/2
    90 | Abyss:1  | Noticed a spatial vortex
   103 | Abyss:1  | Noticed a spatial vortex
   153 | Abyss:1  | Noticed a lich
   192 | Abyss:1  | Noticed a small abomination
   197 | Abyss:1  | Noticed a flying skull
   230 | D:1      | Escaped the Abyss
   503 | D:1      | Reached XP level 2. HP: 23/26 MP: 3/3
   742 | D:1      | Reached * piety under Lugonu
  1039 | D:1      | Reached XP level 3. HP: 30/31 MP: 4/4
  1767 | D:2      | Reached XP level 4. HP: 36/40 MP: 4/6
  1928 | D:2      | Reached ** piety under Lugonu
  1933 | D:2      | Found a radiant altar of Vehumet.
  2250 | D:3      | Found a glowing drain.
  2260 | Sewer    | Entered a sewer
  2527 | Sewer    | Noticed a bullfrog
  2528 | Sewer    | Noticed a bullfrog
  2535 | Sewer    | HP: 1/40 [bullfrog (3)]
  2535 | Sewer    | Slain by a bullfrog

Skill      XL: |  1  2  3 |
---------------+----------+-----
Axes           | 2 |  2.6
Armour         | 2 |  2.2
Fighting       | |  3.8
Dodging        | |  0.9
Invocations    | |  2.9

Action                   |  1- 3 |  4- 6 || total
-------------------------+-------+-------++-------
Melee: Hand axe          |    82 |    69 ||   151
       Kick              |    12 |     6 ||    18
Invok: Depart the Abyss  |     1 |       ||     1
  Use: Scroll            |     5 |     1 ||     6
       Potion            |       |     1 ||     1
  Eat: Chunk             |     1 |     2 ||     3
Armor: Leather armour    |    33 |    41 ||    74
Dodge: Dodged            |    32 |    53 ||    85
